Map: Cyber Forest LE

Players

SunSet - Winner!

  • Race: Zerg Zerg
  • Spawn Location: 11:00

Cronos

  • Race: Protoss Protoss
  • Spawn Location: 5:00

Event: 2019 WCS Spring

VOD

Have the link to the VOD?

Description

Time

  • Played on: May 17, 2019, 1:34 p.m.
  • Length: 9:02

All games in this series

Show
View Real Time Build Order
Export as new Build Order

SunSet Zerg - Winner!

Build Orders: Pool First 

Get SALT Encoding   

  12  0:01  Drone  
  13  0:12  Overlord  
  13  0:16  Drone  
  14  0:30  Drone x2  
  16  0:44  Spawning Pool  
  16  0:45  Drone  
  16  0:49  Drone  
  17  1:13  Drone  
  17  1:14  Extractor  
  17  1:27  Hatchery  
  17  1:30  Zergling x6  
  19  1:38  Queen  
  21  1:46  Overlord  
  21  1:52  Drone  
  22  2:04  Drone  
  23  2:13  Metabolic Boost  
  23  2:14  Drone  
  24  2:24  Queen  
  24  2:25  Drone  
  27  2:35  Drone  
  28  2:40  Zergling x2  
  28  2:41  Queen  
  31  2:48  Drone x3  
  34  2:54  Zergling x2  
  34  2:55  Zergling x2  
  36  3:02  Overlord  
  36  3:21  Drone  
  36  3:22  Drone x3  
  36  3:24  Drone  
  40  3:38  Drone  
  40  3:39  Spore Crawler, Hatchery, Drone  
  40  3:43  Spore Crawler  
  39  3:49  Drone x2  
  41  3:56  Drone  
  41  3:57  Drone  
  41  4:00  Drone  
  41  4:02  Drone  
  43  4:12  Overlord  
  43  4:17  Lair, Roach Warren  
  43  4:18  Drone  
  43  4:28  Overlord  
  43  4:31  Drone  
  43  4:32  Drone x2  
  43  4:33  Overlord  
  43  4:34  Drone x2  
  43  4:37  Drone  
  49  4:39  Drone  
  49  4:43  Overlord  
  49  4:45  Drone  
  51  4:50  Overlord  
  51  4:54  Drone  
  51  4:55  Drone  
  51  4:56  Queen  
  55  5:02  Overlord  
  55  5:03  Drone x2  
  55  5:04  Drone  
  55  5:06  Spore Crawler  
  57  5:07  Drone  
  57  5:08  Drone  
  57  5:12  Drone  
  60  5:17  Overlord  
  60  5:18  Drone  
  60  5:19  Drone  
  62  5:22  Hydralisk Den  
  62  5:23  Drone x2  
  63  5:31  Zergling x8  
  67  5:39  Drone  
  67  5:40  Drone x2  
  67  5:41  Overlord  
  69  5:43  Drone  
  69  5:44  Extractor  
  69  5:49  Drone  
  71  5:50  Drone x3  
  71  5:51  Overlord  
  71  5:57  Drone x2  
  71  5:58  Extractor  
  71  6:03  Muscular Augments, Extractor  
  71  6:11  Drone x2  
  73  6:13  Drone  
  73  6:18  Evolution Chamber  
  73  6:20  Extractor  
  73  6:21  Overlord  
  73  6:22  Drone  
  73  6:23  Drone x5  
  73  6:25  Hydralisk  
  78  6:32  Overlord  
  80  6:33  Hydralisk  
  80  6:34  Hydralisk x2  
  86  6:42  Hydralisk  
  86  6:43  Hydralisk x2  
  86  6:46  Drone  
  93  6:51  Overlord  
  93  6:52  Drone  
  94  6:56  Overlord  
  94  6:57  Hydralisk, Overlord  
  96  7:04  Hydralisk  
  96  7:05  Hydralisk  
  96  7:06  Zerg Melee Weapons Level 1  
  100  7:09  Drone x2  
  100  7:10  Overlord, Baneling Nest  
  101  7:20  Hydralisk  
  101  7:21  Hydralisk x3  
  101  7:22  Hatchery  
  108  7:23  Overlord  
  108  7:26  Zergling x6  
  108  7:27  Zergling x8  
  108  7:29  Grooved Spines  
  115  7:37  Hydralisk  
  111  7:44  Hydralisk x3  
  111  7:50  Zergling x10  
  122  7:55  Zergling x2  
  122  7:56  Zergling x10  
  128  8:02  Hydralisk x3  
  131  8:09  Baneling x7  
  131  8:11  Zergling x6  
  134  8:17  Zergling x2  
  133  8:20  Zergling x2  
  133  8:27  Zergling x16  
  122  8:28  Hydralisk x2  
  120  8:35  Hydralisk  
  120  8:36  Hydralisk x2  
Show
View Real Time Build Order
Export as new Build Order

Cronos Protoss 

Build Orders: Phoenix Opening 

Get SALT Encoding   

  12  0:00  Probe  
  13  0:13  Probe  
  14  0:20  Pylon  
  14  0:25  Probe  
  15  0:38  Probe  
  15  0:40  Gateway  
  16  0:48  Assimilator  
  16  0:50  Probe  
  17  1:03  Probe  
  18  1:12  Pylon  
  18  1:18  Probe  
  18  1:26  Gateway  
  18  1:28  Cybernetics Core  
  18  1:32  Probe  
  19  1:33  Zealot  
  21  1:50  Probe  
  22  1:57  Warp Gate  
  24  2:04  Adept  
  24  2:12  Pylon  
  24  2:13  Adept  
  26  2:21  Assimilator, Probe  
  27  2:32  Pylon  
  27  2:51  Nexus  
  27  2:55  Probe  
  28  3:07  Probe  
  28  3:10  Stargate  
  29  3:19  Probe  
  30  3:29  Adept  
  26  3:34  Adept  
  30  3:46  Phoenix  
  30  3:47  Probe  
  31  3:48  Pylon  
  33  4:03  Probe  
  33  4:04  Stalker, Probe  
  37  4:16  Probe x2, Pylon  
  38  4:19  Phoenix  
  41  4:26  Probe  
  41  4:28  Probe  
  43  4:35  Probe  
  43  4:40  Probe  
  43  4:44  Phoenix  
  47  4:47  Probe  
  47  4:52  Probe  
  49  4:54  Twilight Council  
  49  4:58  Probe  
  50  5:04  Probe  
  50  5:06  Probe  
  51  5:09  Phoenix  
  54  5:14  Probe  
  54  5:16  Probe  
  56  5:25  Probe  
  56  5:27  Assimilator  
  57  5:28  Probe  
  57  5:30  Assimilator  
  57  5:33  Gateway  
  57  5:34  Gateway  
  55  5:38  Probe  
  55  5:41  Charge  
  56  5:48  Phoenix, Probe  
  59  5:53  Probe  
  60  6:03  Gateway  
  60  6:04  Gateway  
  60  6:06  Gateway  
  60  6:07  Gateway  
  60  6:19  Zealot  
  62  6:34  Pylon  
  62  6:36  Pylon  
  62  6:37  Pylon  
  62  6:39  Pylon  
  62  6:41  Pylon  
  62  6:46  Forge  
  62  6:52  Probe x2  
  64  6:58  Sentry x5  
  64  6:59  Zealot  
  64  7:00  Zealot  
  78  7:05  Probe  
  79  7:11  Nexus  
  79  7:16  Probe  
  79  7:17  Probe  
  81  7:23  Zealot x3  
  87  7:36  Templar Archives  
  87  7:44  Probe x2  
  87  7:46  Pylon  
  89  7:56  Probe x2  
  91  8:08  Probe  
  91  8:09  Stalker x5  
  91  8:10  Stalker  
  99  8:20  Zealot x2  
  84  8:30  Probe x2  
  74  8:39  Pylon  
  74  8:40  Zealot  
  69  8:47  Zealot x2  
  56  8:52  Zealot  
Tags
 
Add a new tag
Caveats
  • Supply blocks, unpowered buildings, or Contaminate may cause inaccurate times.
  • Supply counts are checked every 10 seconds.